 Dungeon Crawl Stone Soup version 0.32-a0-171-g4625e66871 (webtiles) character file.

Game seed: 17683117703908400022

238 tilp the Sneak (level 5, 0/38 HPs)
             Began as a Vampire Enchanter on Feb 12, 2024.
             Slain by a crimson imp (3 damage)
             ... on level 3 of the Dungeon.
             The game lasted 00:04:33 (2776 turns).

tilp the Sneak (Vampire Enchanter)                  Turns: 2776, Time: 00:04:34

Health: 0/38       AC:  2    Str:  7    XL:     5   Next: 78%
Magic:  3/8        EV: 13    Int: 19    God:
Gold:   202        SH:  0    Dex: 15    Spells: 4/9 levels left

rFire   . . .        a - +1 dagger
rCold   . . .        (no shield)
rNeg    . . .        b - +0 robe
rPois   .            (no helmet)
rElec   .            (no cloak)
rCorr   .            (no gloves)
SInv    +            (no boots)
Will    .....        (no amulet)
Stlth   +++          (no ring)
HPRegen 0.46/turn    (no ring)
MPRegen 0.11/turn

%: no passive effects
@: attractive, healing quickly, invisible
A: alive, fangs 3, see invisible, vampiric 2
a: Exsanguinate


You were on level 3 of the Dungeon.
You visited 1 branch of the dungeon, and saw 3 of its levels.

You collected 202 gold pieces.

Inventory:

Hand Weapons
 a - a +1 dagger (weapon)
Armour
 b - a +0 robe (worn)
Scrolls
 d - a scroll of immolation {unknown}
 e - 2 scrolls of identify {unknown}
 h - a scroll of blinking {unknown}
 k - a scroll of amnesia {unknown}
 l - a scroll of noise {unknown}
Potions
 c - a potion of invisibility
 f - 2 potions of might {unknown}
 g - a potion of lignification {unknown}
 i - 3 potions of brilliance {unknown}
 j - a potion of attraction


   Skills:
 * Level 2.2 Fighting
 * Level 3.0 Short Blades
 + Level 3.0 Dodging
 + Level 5.4 Stealth
 + Level 2.5 Spellcasting
 + Level 5.2 Hexes
 + Level 1.2 Ice Magic


You had 4 spell levels left.
You knew the following spells:

 Your Spells              Type           Power      Damage    Failure   Level
a - Ensorcelled Hibernat  Hex/Ice        28%        N/A       6%          2
b - Confusing Touch       Hex            22%        N/A       5%          3

Your spell library contained the following spells:

 Spells                   Type           Power      Damage    Failure   Level
 Jinxbite                 Hex            44%        N/A       2%          2
 Tukima's Dance           Hex            22%        N/A       5%          3
 Dazzling Flash           Conj/Hex       24%        N/A       16%         3
 Yara's Violent Unravell  Hex/Alch       6%         3d5       83%         5
 Enfeeble                 Hex            11%        N/A       100%        7


Dungeon Overview and Level Annotations

Branches:
Dungeon (3/15)

Altars:
Makhleb
Xom

Shops:
D:2 =


Innate Abilities, Weirdness & Mutations

Your natural rate of healing is accelerated.
You have razor-sharp teeth.
You have supernaturally acute eyesight. (SInv)
You are afflicted with vampirism and can become a bat while bloodless.


Message History

You closely miss the crimson imp.
The crimson imp is lightly wounded.
You feel sick. The crimson imp closely misses you.
The crimson imp is attracted toward you.
You hit the crimson imp.
The crimson imp is lightly wounded.
You feel sick.
You hit the crimson imp but do no damage.
You bite the crimson imp.
The crimson imp is moderately wounded.
You hit the crimson imp.
The crimson imp is heavily wounded.
You feel sick. The crimson imp barely misses you.
You hit the crimson imp. Your bite misses the crimson imp.
The crimson imp is heavily wounded.
You feel sick. The crimson imp closely misses you.
You catch the helpless crimson imp completely off-guard!
You puncture the crimson imp!
You kill the crimson imp!
You feel sick.
The crimson imp laughs crazily.
The crimson imp is attracted toward you. x2
Your Dodging skill increases to level 3!
You strike the helpless crimson imp from behind!
You puncture the crimson imp!
You kill the crimson imp!
You feel sick.
You are no longer poisoned.
The crimson imp throws a stone.
The stone barely misses you.
The crimson imp is attracted toward you.
Your Short Blades skill increases to level 3!
You hit the crimson imp but do no damage.
You closely miss the crimson imp. You bite the crimson imp.
The crimson imp is lightly wounded.
The crimson imp summons a swarm of flies.
The crimson imp is attracted toward you.
You hit the crimson imp.
The crimson imp is moderately wounded.
The crimson imp hits you.
You die...

### #.# #.#
#.#########################
#.............@5§§....(...#
#.###############..######+#
#.# ##'# #.# ###5^...^§# #
#.# #.###._.###.....# # #.#
#.# ^...^ #.....# # #.#
#.####'####.....# # #.#
####....#..#......# # #.#
#.......##.#......# #


You could see a crimson imp (unable to see you).

Vanquished Creatures
  3 crimson imps (D:3)
  An iguana (D:2)
  An orc wizard (D:3)
  An adder (D:3)
  A ribbon worm (D:3)
  2 dart slugs (D:1)
  8 orcs (D:3)
  3 ball pythons
  7 bats
  5 endoplasms
  4 giant cockroaches
  4 hobgoblins
  2 jackals (D:1)
  4 kobolds
  A quokka (D:3)
  3 frilled lizards
  4 goblins
  5 rats
59 creatures vanquished.

Notes
Turn   | Place    | Note
-------+----------+-------------------------------------------
     0 | D:1      | tilp the Vampire Enchanter began the quest for the Orb.
     0 | D:1      | Reached XP level 1. HP: 13/13 MP: 3/3
   132 | D:1      | Reached XP level 2. HP: 12/20 MP: 5/5
   151 | D:1      | Learned a level 2 spell: Ensorcelled Hibernation
   577 | D:1      | Reached skill level 1 in Fighting
   711 | D:2      | Found Garipyit's Jewellery Emporium.
   727 | D:2      | HP: 1/21 [constriction (1)]
   732 | D:2      | HP: 1/21 [hobgoblin (2)]
   734 | D:2      | Gained mutation: You are afflicted with vampirism and can
                  | become a bat while bloodless. [Vampire growth]
   734 | D:2      | Reached XP level 3. HP: 2/26 MP: 6/6
   871 | D:2      | Learned a level 3 spell: Confusing Touch
  1697 | D:3      | Reached XP level 4. HP: 17/32 MP: 0/7
  1772 | D:3      | Reached skill level 5 in Hexes
  1809 | D:3      | Reached skill level 5 in Stealth
  2648 | D:3      | Found a faded altar of an unknown god.
  2652 | D:3      | Found a burning altar of Makhleb.
  2735 | D:3      | Found a shimmering altar of Xom.
  2754 | D:3      | Reached skill level 1 in Ice Magic
  2754 | D:3      | Reached XP level 5. HP: 38/38 MP: 1/8
  2776 | D:3      | Slain by a crimson imp

Illustrated notes

Levels and vault maps discovered:
D:1:      dpeg_arrival_tiny_a, layout_loops_cross
D:2:      layout_basic, serial_shops, shop, amcnicky_mini_corridor_feature,
          minmay_misc_feat_alley
D:3:      layout_basic, nicolae_overflow_ecumenical_swirl, led_xom_imps

Skill      XL: |  1  2  3  4  5 |
---------------+----------------+-----
Fighting       | 1 2 |  2.2
Short Blades   | 2 3 |  3.0
Hexes          | 5 |  5.2
Stealth        | 5 |  5.4
Ice Magic      | 1 |  1.2
Dodging        | 3 |  3.0
Spellcasting   | |  2.5

Action                     |  1- 3 |  4- 6 || total
---------------------------+-------+-------++-------
  Melee: Dagger            |    95 |    71 ||   166
         Bite              |    10 |     6 ||    16
   Cast: Ensorcelled Hiber |     5 |    16 ||    21
         Confusing Touch   |       |     2 ||     2
    Use: Potion            |     1 |     2 ||     3
   Stab: Sleeping          |    13 |    15 ||    28
         Invisible         |     2 |     2 ||     4
         Confused          |       |     1 ||     1
 Armour: Robe              |    52 |    37 ||    89
  Dodge: Dodged            |    54 |    30 ||    84

Table legend: (Time is in decaauts)
 A = Elapsed time spent in this place.
 B = Non-inter-level travel time spent in this place.
 C = Inter-level travel time spent in this place.
 D = Time resting spent in this place.
 E = Time spent auto-exploring this place.
 F = Levels seen in this place.
 G = Mean time per level.
                   A        B        C        D        E       F      G
               +--------+--------+--------+--------+--------+-----+--------+
         Total |   2760 |   2687 |     73 |    105 |   2043 |   3 |  920.0 |
       Dungeon |   2760 |   2687 |     73 |    105 |   2043 |   3 |  920.0 |
               +--------+--------+--------+--------+--------+-----+--------+

Top non-repeatable levels by time:
     D:2: 1038 daAuts
     D:3: 1015 daAuts
     D:1: 706 daAuts
